 Dungeon Crawl Stone Soup version 0.21.1-1-g345015f (webtiles) character file.

313 Fang the Chopper (level 6, -1/39 HPs)
             Began as a Gargoyle Berserker on May 23, 2018.
             Was a Believer of Trog.
             Slain by an orc
             ... wielding a +0 hand axe
              (2 damage)
             ... on level 3 of the Dungeon.
             The game lasted 00:03:06 (2293 turns).

Fang the Chopper (Gargoyle Berserker)               Turns: 2293, Time: 00:03:06

Health: -1/39      AC:  6    Str: 22    XL:     6   Next: 43%
Magic:  6/6        EV: 12    Int:  8    God:    Trog [**....]
Gold:   153        SH:  0    Dex:  9    Spells: 5/5 levels left

rFire    . . .     SeeInvis .   a - +0 hand axe
rCold    . . .     Gourm    .   (no shield)
rNeg     + . .     Faith    .   b - +0 animal skin
rPois    ∞         Spirit   .   (no helmet)
rElec    +         Reflect  .   (no cloak)
rCorr    .         Harm     .   (no gloves)
MR       .....                  (no boots)
Stlth    +.........             (no amulet)
HPRegen  0.13/turn              (no ring)
MPRegen  0.10/turn              (no ring)

@: berserk cooldown, starving, slowed, very slow
A: negative energy resistance 1, electricity resistance, unbreathing,
petrification resistance, rot immunity, AC +4
a: Berserk, Trog's Hand, Burn Spellbooks, Renounce Religion


You were on level 3 of the Dungeon.
You worshipped Trog.
Trog was pleased with you.
You were starving.

You visited 1 branch of the dungeon, and saw 4 of its levels.

You collected 153 gold pieces.

Inventory:

Hand Weapons
 a - a +0 hand axe (weapon)
Armour
 b - a +0 animal skin (worn)
Scrolls
 f - 3 scrolls of remove curse {unknown}
 g - 4 scrolls of teleportation {unknown}
 h - 2 scrolls of immolation {unknown}
 j - a scroll of random uselessness {unknown}
Potions
 d - 2 potions of lignification {unknown}
 e - 3 potions of agility {unknown}
 i - a potion of curing {unknown}
 k - a potion of heal wounds {unknown}
Books
 l - a book of Callings

   Spells                             Type                      Level
   a - Summon Small Mammal            Summoning                    1
   b - Call Imp                       Summoning                    2
   c - Call Canine Familiar           Summoning                    3
   d - Summon Guardian Golem          Hexes/Summoning              3
   e - Summon Lightning Spire         Summoning/Air                4
   f - Summon Ice Beast               Ice/Summoning                4
   Trog disapproves of the use of such an item.
Comestibles
 c - 5 rations


   Skills:
 + Level 4.4 Fighting
 + Level 4.9 Axes
 + Level 2.4 Armour
 + Level 2.9 Dodging
 + Level 1.3 Stealth


You had 5 spell levels left.
You didn't know any spells.

Dungeon Overview and Level Annotations

Branches:
Dungeon (4/15)
 Temple: D:4-7

Altars:
Gozag
Trog

Shops:
D:2 *


Innate Abilities, Weirdness & Mutations

You are resistant to torment.
Your stone body is resilient. (AC +4)
You are immune to poison.
You resist negative energy. (rN+)
You are resistant to electric shocks. (rElec)
You can survive without breathing.
You are immune to petrification.
You are immune to rotting.


Message History

The orc hits you but does no damage.
Unknown command.
You closely miss the orc.
The orc is moderately wounded.
The orc hits you with a hand axe.
* * * LOW HITPOINT WARNING * * *
The orc closely misses you.
You closely miss the orc.
The orc is moderately wounded.
The orc closely misses you.
Unknown command.
You barely miss the orc.
The orc is moderately wounded.
The orc hits you with a hand axe.
* * * LOW HITPOINT WARNING * * *
Unknown command.
You barely miss the orc.
The orc is moderately wounded.
The orc hits you with a hand axe.
You die...

##...### #.#
#.### #.#
#.#####.######
#.#
#.............
#.#
#######(######
#.#
#.....#.......
#.#
#.###.#######.
#o#
#.#...........
#@#
#.#.#.########
#.# #.#.#.#
#.# #.#.#.#
#.###.#.#.#
#.#...#.#.#
#.#.#)#.#.#
#.#.###.#.#
#.#.# #.#.#
#)#.# #.#.#


You could see an orc.

Vanquished Creatures
  An orc warrior (D:3)
  The ghost of zuik the Twirler, an amateur DsGl (D:3)
  2 orc wizards (D:3)
  An ooze (D:2)
  2 worms (D:2)
  4 dart slugs
  A leopard gecko (D:2)
  9 orcs (D:3)
  A giant cockroach (D:1)
  5 goblins
  4 hobgoblins
  9 kobolds
  2 ball pythons
  11 bats
  2 frilled lizards
  A jackal skeleton (D:2)
  2 rats
58 creatures vanquished.

Notes
Turn   | Place    | Note
-------+----------+-------------------------------------------
     0 | D:1      | Fang the Gargoyle Berserker began the quest for the Orb.
     0 | D:1      | Reached XP level 1. HP: 14/14 MP: 1/1
    86 | D:1      | Reached XP level 2. HP: 14/19 MP: 2/2
   146 | D:1      | Reached ** piety under Trog
   146 | D:1      | Reached XP level 3. HP: 10/24 MP: 3/3
  1071 | D:2      | Found an opulent altar of Gozag.
  1072 | D:2      | Found Gozag's Platinum Reserve.
  1202 | D:2      | Reached XP level 4. HP: 18/29 MP: 4/4
  1389 | D:2      | Found a bloodstained altar of Trog.
  1479 | D:2      | You fall through a shaft!
  1489 | D:3      | Noticed an orc warrior
  1504 | D:3      | Killed an orc warrior
  1504 | D:3      | Reached XP level 5. HP: 19/33 MP: 5/5
  1779 | D:3      | Reached skill level 1 in Stealth
  1797 | D:3      | Noticed zuik's ghost (amateur DsGl)
  1931 | D:3      | Killed zuik's ghost
  1931 | D:3      | Reached XP level 6. HP: 33/39 MP: 6/6
  2292 | D:3      | HP: 1/39 [orc/hand axe (4)]
  2293 | D:3      | Slain by an orc

Skill      XL: |  1  2  3  4  5 |
---------------+----------------+-----
Axes           | 3 4 |  4.9
Fighting       | 4 |  4.4
Dodging        | 2 |  2.9
Stealth        | 1 |  1.3
Armour         | |  2.4

Action                   |  1- 3 |  4- 6 || total
-------------------------+-------+-------++-------
Melee: Hand axe          |   112 |    95 ||   207
Invok: Berserk           |     1 |     4 ||     5
  Eat: Ration            |       |     2 ||     2
Armor: Animal skin       |    56 |    35 ||    91
Dodge: Dodged            |    95 |    37 ||   132
